 Dungeon Crawl Stone Soup version 0.31-a0-949-g57150269e1 (webtiles) character file.

Game seed: 5122712025716101912

2489 mattiecakes the Fighter (level 9, -4/92 HPs)
             Began as a Minotaur Fighter on Oct 22, 2023.
             Was an Initiate of the Shining One.
             Slain by Sundig's ghost (11 damage)
             ... on level 6 of the Dungeon.
             The game lasted 00:30:28 (5433 turns).

mattiecakes the Fighter (Minotaur Fighter)          Turns: 5433, Time: 00:30:28

Health: -4/92      AC:  7    Str: 26    XL:     9   Next: 27%
Magic:  8/8        EV: 10    Int:  5    God:    the Shining One [......]
Gold:   187        SH: 10    Dex:  9    Spells: 8/8 levels left

rFire   + . .        a - +0 war axe
rCold   . . .        c - +0 buckler
rNeg    . . .        t - +1 leather armour {rF+}
rPois   .            (helmet restricted)
rElec   .            i - +1 cloak
rCorr   .            (no gloves)
SInv    .            (no boots)
Will    .....        g - amulet of reflection
Stlth   +            (no ring)
HPRegen 0.35/turn    (no ring)
MPRegen 0.11/turn

%: reflection
@: about to teleport, glowing, studying Armour
A: horns 2, retaliatory headbutt
a: Renounce Religion


You were on level 6 of the Dungeon.
You worshipped the Shining One.
The Shining One was noncommittal.
You visited 2 branches of the dungeon, and saw 7 of its levels.

You collected 187 gold pieces.

Inventory:

Hand Weapons
 a - a +0 war axe (weapon)
Armour
 c - a +0 buckler (worn)
 i - a +1 cloak (worn)
 t - a +1 leather armour of fire resistance (worn)
Jewellery
 g - an amulet of reflection (around neck)
 k - an amulet of regeneration
Wands
 d - a wand of mindburst (17)
 h - a wand of charming (5)
 q - a wand of acid (8)
 v - a wand of flame (9)
Scrolls
 b - a scroll of revelation {unknown}
 e - 6 scrolls of identify
 f - a scroll of fear {unknown}
 j - a scroll of enchant armour
 l - a scroll of enchant weapon
 m - a scroll of immolation
 p - a scroll of silence {unknown}
 r - a scroll of poison {unknown}
 s - 3 scrolls of teleportation
Potions
 n - 2 potions of magic
 o - a potion of brilliance
 w - 2 potions of invisibility {unknown}


   Skills:
 + Level 12.7 Fighting
 - Level 5.5 Axes
 - Level 6.1 Armour
 - Level 6.1 Shields


You had 8 spell levels left.
You didn't know any spells.
Your spell library contained the following spells:

 Spells                   Type           Power      Damage    Failure   Level
 Slow                     Hex            0%         N/A       56%         1
 Scorch                   Fire           0%         2d5       71%         2
 Confusing Touch          Hex            0%         N/A       91%         3
 Sigil of Binding         Hex            0%         N/A       91%         3
 Vampiric Draining        Necr           0%         2d6       91%         3
 Flame Wave               Conj/Fire      0%         2d4       100%        4
 Alistair's Intoxication  Tmut/Pois      0%         N/A       100%        5
 Borgnjor's Vile Clutch   Necr/Erth      0%         N/A       100%        5
 Eringya's Noxious Bog    Tmut/Pois      0%         4d6       100%        6
 Summon Cactus Giant      Summ           0%         N/A       100%        6


Dungeon Overview and Level Annotations

Branches:
Dungeon (6/15)             Temple (1/1) D:4

Altars:
Ashenzari
Cheibriados
Dithmenos
Elyvilon
Fedhas
Gozag
Hepliaklqana
Kikubaaqudgha
Makhleb
Nemelex Xobeh
Qazlal
Sif Muna
Trog
Vehumet
Wu Jian
Xom
Yredelemnul
The Shining One

Annotations:
D:6 Sundig's ghost, novice MiFi


Innate Abilities, Weirdness & Mutations

You have a pair of horns on your head.
You reflexively headbutt those who attack you in melee.


Message History

Sundig's ghost attacks as it pursues you!
Sundig's ghost closely misses you.
Sundig's ghost attacks as it pursues you!
Sundig's ghost hits you but does no damage.
You block Sundig's ghost's attack.
Things that are here:
a +0 short sword; a +0 leather armour
Okay, then.
Sundig's ghost attacks as it pursues you!
Sundig's ghost hits you!
* * * LOW HITPOINT WARNING * * *
Okay, then.
Sundig's ghost is nearby!
Sundig's ghost barely misses you.
You start removing your amulet.
You continue taking off your amulet of reflection.
Sundig's ghost hits you but does no damage.
You stop removing your amulet.
Okay, then.
You don't know any spells.
As you read the scroll of teleportation, it crumbles to dust.
You feel strangely unstable. You block Sundig's ghost's attack.
You hit Sundig's ghost.
Sundig's ghost is severely damaged.
Sundig's ghost hits you.
* * * LOW HITPOINT WARNING * * *
Sundig's ghost hits you.
* * * LOW HITPOINT WARNING * * *
Unknown command.
Unknown command.
Unknown command.
Unknown command.
Unknown command.
Unknown command.
Unknown command.
Unknown command.
You slash Sundig's ghost!
Sundig's ghost is almost destroyed.
Sundig's ghost hits you!
You die...

...## ##.#.## ###.....?'~~~~"##
..## #.###.# #...#..#.....#. ###
##.#.## #...##########. #.#.#.#
#...# #..##.## #.....# #...#
#....... ### ##.####
###...#####.##... ..#
#.######..)......#.#####
#.########.......W##.#..#...#...#
#.#.............@.##...###.......
....#######...#.........#..#.....
#.### #..###......#)..##.###. #.#
#.## ##..<.....###.###. ..#
#<.###..#..###.# ##...# ###
#...#...#......# ###.#
#.......##.##### #.#
#.##.##...(...# ###.#
#.##.##.......# ##.#.#


You could see Sundig's ghost.

Vanquished Creatures
  Pikel (Temple)
  Prince Ribbit (D:5)
  A steam dragon (D:5)
  Duvessa (D:4)
  3 water moccasins
  An ice beast (D:5)
  2 black bears (D:5)
  3 ogres
  2 centaurs
  A lemure (Temple)
  A bullfrog (D:6)
  A scorpion (D:6)
  Dowan (D:4)
  2 hounds (D:5)
  A gnoll bouda (D:5)
  Jessica (D:2)
  2 iguanas (D:5)
  Ijyb (D:5)
  2 orc wizards
  6 gnolls
  7 adders
  A white imp (D:6)
  4 worms
  A dart slug (D:3)
  13 orcs
  8 bats
  7 endoplasms
  3 giant cockroaches
  4 goblins
  4 hobgoblins
  4 jackals (D:4)
  3 quokkas
  2 ball pythons
  4 frilled lizards
  7 kobolds
  5 rats
111 creatures vanquished.

Notes
Turn   | Place    | Note
-------+----------+-------------------------------------------
     0 | D:1      | mattiecakes the Minotaur Fighter began the quest for the
                  | Orb.
     0 | D:1      | Reached XP level 1. HP: 19/19 MP: 0/0
   186 | D:1      | Reached XP level 2. HP: 27/27 MP: 1/1
   242 | D:1      | Reached skill level 4 in Fighting
   374 | D:1      | Found a faded altar of an unknown god.
   730 | D:2      | Reached XP level 3. HP: 33/33 MP: 2/2
   745 | D:2      | Noticed Jessica
   755 | D:2      | Killed Jessica
   756 | D:2      | Reached XP level 4. HP: 22/41 MP: 3/3
  2216 | D:4      | Found a staircase to the Ecumenical Temple.
  2245 | D:4      | Noticed a centaur
  2245 | D:4      | Noticed a water moccasin
  2256 | D:4      | Noticed a lemure
  2257 | D:4      | Noticed Pikel
  2257 | D:4      | Noticed a lemure
  2257 | D:4      | Noticed a lemure
  2258 | D:4      | Noticed a lemure
  2264 | Temple   | Entered the Ecumenical Temple
  2268 | Temple   | Killed a water moccasin
  2269 | Temple   | Reached skill level 5 in Fighting
  2269 | Temple   | Reached skill level 5 in Armour
  2269 | Temple   | Reached skill level 5 in Shields
  2269 | Temple   | Reached XP level 5. HP: 20/48 MP: 4/4
  2273 | Temple   | Killed a lemure
  2297 | Temple   | Became a worshipper of the Shining One
  2317 | Temple   | Killed a centaur
  2317 | Temple   | HP: 2/48 [disintegration (6)]
  2318 | Temple   | Reached XP level 6. HP: 2/56 MP: 5/5
  2327 | Temple   | HP: 2/56 [Pikel/+0 whip of freezing (1)]
  2328 | Temple   | Killed Pikel
  2329 | Temple   | Reached skill level 6 in Fighting
  2329 | Temple   | Reached skill level 5 in Axes
  2329 | Temple   | Reached XP level 7. HP: 2/63 MP: 6/6
  2758 | D:4      | Noticed Duvessa
  2758 | D:4      | Noticed Dowan
  2774 | D:4      | Killed Duvessa
  2775 | D:4      | Reached skill level 7 in Fighting
  2778 | D:4      | Killed Dowan
  3094 | D:5      | Entered Level 5 of the Dungeon
  3094 | D:5      | Noticed a steam dragon
  3099 | D:5      | Reached XP level 8. HP: 67/74 MP: 7/7
  3100 | D:5      | Reached skill level 8 in Fighting
  3202 | D:5      | Noticed Ijyb
  3218 | D:5      | Killed Ijyb
  3219 | D:5      | Reached skill level 9 in Fighting
  3333 | D:5      | Noticed Prince Ribbit
  3345 | D:5      | Killed Prince Ribbit
  3346 | D:5      | Reached skill level 10 in Fighting
  3536 | D:5      | Reached skill level 11 in Fighting
  4530 | D:6      | Identified the +1 ring mail "Fod Niarr" {Will+}
  4542 | D:6      | Reached XP level 9. HP: 89/89 MP: 8/8
  4603 | D:6      | Found a runed translucent door.
  4697 | D:6      | Reached skill level 12 in Fighting
  5380 | D:6      | Noticed Sundig's ghost (novice MiFi)
  5433 | D:6      | Slain by Sundig's ghost

Illustrated notes

Levels and vault maps discovered:
D:1:      dpeg_arrival_pond, layout_loops_ring,
          shapermc_ecumenical_altar_notcrosses, hangedman_decor_opposing,
          nicolae_concentric_dashed_squares_wild
D:2:      layout_loops_cross, glass_columns_a, nicolae_wormholes, uniq_jessica
D:3:      layout_basic
D:4:      layout_basic, minmay_temple_entry_stoned_glass, minmay_manual_moon,
          uniq_pikel, uniq_duvessa
D:5:      layout_layer_cave, uniq_prince_ribbit1, uniq_ijyb
D:6:      layout_loops_cross, ebering_ghost_reflecting_pool,
          roderic_roman_lattice
Temple:   nicolae_temple_bog_church

Skill      XL: |  1  2  3  4  5  6  7  8  9 |
---------------+----------------------------+-----
Fighting       | 4 5 6 7 11 12 | 12.7
Shields        | 4 5 6 |  6.1
Armour         | 4 5 6 |  6.1
Axes           | 3 4 5 |  5.5

Action                     |  1- 3 |  4- 6 |  7- 9 || total
---------------------------+-------+-------+-------++-------
  Melee: War axe           |    60 |    83 |   162 ||   305
         Headbutt          |    11 |    12 |    36 ||    59
    Use: Potion            |       |     5 |     8 ||    13
         Scroll            |       |     1 |     4 ||     5
 Armour: Scale mail        |    45 |    78 |    62 ||   185
         Leather armour    |       |       |    68 ||    68
  Dodge: Dodged            |    31 |    52 |    78 ||   161
  Block: Buckler           |     6 |    18 |    65 ||    89
         Reflection        |       |       |     1 ||     1

Table legend: (Time is in decaauts)
 A = Elapsed time spent in this place.
 B = Non-inter-level travel time spent in this place.
 C = Inter-level travel time spent in this place.
 D = Time resting spent in this place.
 E = Time spent auto-exploring this place.
 F = Levels seen in this place.
 G = Mean time per level.
                   A        B        C        D        E       F      G
               +--------+--------+--------+--------+--------+-----+--------+
         Total |   5511 |   5299 |    212 |    201 |   4218 |   7 |  787.3 |
       Dungeon |   5229 |   5020 |    209 |      0 |   4217 |   6 |  871.5 |
        Temple |    281 |    278 |      3 |    201 |      1 |   1 |  281.0 |
               +--------+--------+--------+--------+--------+-----+--------+

Top non-repeatable levels by time:
     D:5: 1373 daAuts
     D:6: 977 daAuts
     D:4: 866 daAuts
     D:2: 697 daAuts
     D:1: 691 daAuts
     D:3: 622 daAuts
  Temple: 281 daAuts
